 Dungeon Crawl Stone Soup version 0.25-a0-780-g622e69b31f (webtiles) character file.

Game seed: 8764183597915742280, levelgen mode: classic

24520 Amnesiac the Frost Mage (level 12, -28/80 (81) HPs)
             Began as a Vampire Ice Elementalist on Apr 14, 2020.
             Was an Initiate of Gozag.
             Killed from afar by an ogre mage (31 damage)
             ... with a bolt of lightning
             ... on level 2 of the Orcish Mines.
             The game lasted 00:41:03 (12275 turns).

Amnesiac the Frost Mage (Vampire Ice Elementalist) Turns: 12275, Time: 00:41:04

HP:   -28/80 (81)   AC: 12    Str: 13    XL:     12   Next: 81%
MP:   9/24          EV: 16    Int: 23    God:    Gozag
Gold: 4034          SH:  0    Dex: 17    Spells: 13/28 levels left

rFire    + . .     SeeInvis +   e - +2 great sword of Guile {flame, rF+ Dex+3}
rCold    + . .     Gourm    .   (shield currently unavailable)
rNeg     . . .     Faith    .   D - +0 swamp dragon scales
rPois    +         Spirit   .   i - +1 helmet
rElec    .         Reflect  .   E - +2 cloak {MR+}
rCorr    .         Harm     .   (no gloves)
MR       ++...                  (no boots)
Stlth    +++.......             (no amulet)
HPRegen  0.43/turn              j - ring of protection from cold
MPRegen  0.19/turn              z - +6 ring of strength

@: marked, gold aura, frozen ramparts, regenerating quickly
A: no food, fangs 3, see invisible, unbreathing
a: Exsanguinate, Potion Petition, Call Merchant, Bribe Branch, Renounce Religion


You were on level 2 of the Orcish Mines.
You worshipped Gozag.
Gozag was most pleased with you.
You were alive.

You visited 2 branches of the dungeon, and saw 13 of its levels.

You collected 4096 gold pieces.
You paid 62 gold pieces to Gozag.

Inventory:

Hand Weapons
 a - a +1 dagger of venom
 e - the +2 great sword of Guile (weapon) {flame, rF+ Dex+3}
   (You found it on level 6 of the Dungeon)

   It has been specially enchanted to burn those struck by it, causing extra
   injury to most foes and up to half again as much damage against particularly
   susceptible opponents.
   Big, fiery blades are also staple armaments of hydra-hunters.
   It affects your dexterity (+3).
   It protects you from fire.
 B - a +6 lajatang
Missiles
 k - 3 throwing nets
 u - 66 poisoned darts (quivered)
Armour
 i - a +1 helmet (worn)
 s - the +7 chain mail of Ethics {rC+}
   (You found it on level 1 of the Orcish Mines)

   It protects you from cold.
 D - +0 swamp dragon scales (worn)
 E - a +2 cloak of magic resistance (worn)
Magical Staves
 H - an uncursed staff of air
Jewellery
 j - a ring of protection from cold (left hand)
 t - an uncursed ring of protection from magic
 v - an uncursed ring of wizardry
 z - a +6 ring of strength (right hand)
Wands
 d - a wand of acid (2)
 g - a wand of digging (8)
 o - a wand of iceblast (30)
 x - a wand of enslavement (6)
 F - a wand of random effects (21)
Scrolls
 b - 8 scrolls of teleportation {!r}
 h - 2 scrolls of fear {!r}
 p - a scroll of vulnerability {!r}
 w - 3 scrolls of identify {!r}
 y - a scroll of remove curse {!r}
 G - 2 scrolls of fog {!r}
Potions
 c - 3 potions of cancellation {!q}
 f - 2 potions of resistance {!q}
 l - a potion of stabbing {!q}
 m - 2 potions of lignification {!q}
 n - 7 potions of heal wounds {!q}
 r - a potion of magic {!q}
 A - 3 potions of curing {!q}


   Skills:
 - Level 3.1 Fighting
 - Level 8.0 Short Blades
 - Level 2.4 Armour
 - Level 9.2 Dodging
 - Level 8.0 Stealth
 + Level 8.9 Spellcasting
 * Level 14.3 Ice Magic
 - Level 4.0 Evocations


You had 13 spell levels left.
You knew the following spells:

 Your Spells              Type           Power        Failure   Level  Hunger
a - Freeze                Ice            ####         1%          1    N/A
b - Frozen Ramparts       Ice            ######       1%          3    N/A
c - Summon Ice Beast      Ice/Summ       #####...     7%          4    N/A
d - Hailstorm             Conj/Ice       #####...     7%          4    N/A
z - Ozocubu's Armour      Chrm/Ice       #####...     1%          3    N/A

Your spell library contained the following spells:

 Spells                   Type           Power        Failure   Level  Hunger
 Animate Skeleton         Necr           N/A          13%         1    N/A
 Apportation              Tloc           ##....       13%         1    N/A
 Corona                   Hex            ##.....      13%         1    N/A
 Summon Butterflies       Summ           ##......     13%         1    N/A
 Summon Small Mammal      Summ           ##..         13%         1    N/A
 Lesser Beckoning         Tloc           ##........   36%         3    N/A
 Tukima's Dance           Hex            ##......     36%         3    N/A
 Alistair's Intoxication  Tmut/Pois      ##......     98%         5    N/A
 Invisibility             Hex            ##......     100%        6    N/A

Dungeon Overview and Level Annotations

Branches:
Dungeon (11/15)            Temple (0/1) D:7            Lair (0/6) D:10
    Orc (2/2) D:11            Elf (0/3) Orc:2

Altars:
Dithmenos
Elyvilon
Gozag
Okawaru
Qazlal
Vehumet
Xom
Yredelemnul
The Shining One
Beogh

Shops:
D:11 }


Innate Abilities, Weirdness & Mutations

You do not eat.
Your natural rate of healing is unusually fast.
You have razor-sharp teeth.
You have supernaturally acute eyesight. (SInv)
You can survive without breathing.


Message History

Aim: an ogre, wielding a +0 giant club (heavily wounded)
You freeze the ogre.
The ogre is severely wounded.
The ogre completely misses you.
Casting: Freeze (safe; 1% risk of failure)
Confirm with . or Enter, or press ? or * to list all spells.
Aiming: Freeze (safe; 1% risk of failure)
Press: ? - help, Shift-Dir - straight line, f/p - ogre
Aim: an ogre, wielding a +0 giant club (severely wounded)
You freeze the ogre!
The ogre is almost dead.
The ogre closely misses you.
Casting: Freeze (safe; 1% risk of failure)
Confirm with . or Enter, or press ? or * to list all spells.
Aiming: Freeze (safe; 1% risk of failure)
Press: ? - help, Shift-Dir - straight line, f/p - ogre
Aim: an ogre, wielding a +0 giant club (almost dead)
You freeze the ogre!
You kill the ogre!
Casting: Freeze (safe; 1% risk of failure)
Confirm with . or Enter, or press ? or * to list all spells.
You can't see any susceptible monsters within range! (Use Z to cast anyway.)
You now have 4034 gold pieces (gained 12).
Things that are here:
a +0 great mace; a +0 chain mail The frozen ramparts melt away.
A two-headed ogre comes into view.
It is wielding a +0 giant club and a +0 dire flail.
An ogre comes into view. It is wielding a -2 giant club.
An ogre mage comes into view. It is wielding a +0 club. x2
A two-headed ogre comes into view.
It is wielding two +0 giant spiked clubs.
The ogre hits you with a cursed -2 giant club!
* * * LOW HITPOINT WARNING * * *
The ogre mage casts a spell at you.
You suddenly lose the ability to move!
The ogre mage gestures wildly while chanting.
The ogre mage seems to speed up.
The ogre hits you with a cursed -2 giant club!
* * * LOW HITPOINT WARNING * * *
A two-headed ogre comes into view.
It is wielding a -3 giant spiked club and a +0 giant club.
You can move again.
Unknown command.
Unknown command.
Unknown command.
The ogre closely misses you.
You riposte.
You slice the ogre!! You burn the ogre.
The ogre is almost dead.
Casting: Freeze (safe; 1% risk of failure)
Confirm with . or Enter, or press ? or * to list all spells.
The walls around you are covered in ice.
The wall freezes the two-headed ogre!
The two-headed ogre hits you with a +0 giant club!!
* * * LOW HITPOINT WARNING * * *
The two-headed ogre hits you with a +0 dire flail!
* * * LOW HITPOINT WARNING * * *
The wall freezes the ogre!
You kill the ogre!
The ogre mage hits you but does no damage.
The wall freezes the two-headed ogre!
An ogre and an ogre mage come into view.
The wall freezes the ogre mage!
The ogre mage points at you and mumbles some strange words.
The bolt of lightning hits you!!
You die...
Your body crumbles into a pile of gold.

....# ###..........#.## #.......
....###...<.O.........#####......
.....##......_.......#...........
......###.O.O.......##...........
.>...............................
.........O..##.#............##...
...........#.#..............#....
$........OO####...........)###.#.
..$$.......#####@..........# ####
##$........$#.#............## #.
.)..........O.O.............####.
.$...........................##..
.....#..............#).......#...
.....##.............#.[......#...
.....##............###[..........
..#####...........####)[.........
..# ##^........## #............


You could see 2 ogre magi and an ogre.

Vanquished Creatures
  Harold (D:9)
  The ghost of kMk the Frost Mage, a journeyman DrIE of Vehumet (D:9)
  2 hydras
  7 two-headed ogres
  An ogre mage (Orc:1)
  An orc knight (Orc:2)
  A deep elf mage (D:11)
  An orc sorcerer (Orc:2)
  Joseph (D:6)
  Maurice (D:7)
  A gargoyle (D:10)
  Maggie (D:6)
  3 trolls
  5 slime creatures (D:9)
  2 hippogriffs
  A spriggan (D:7)
  Sigmund (D:3)
  11 yaks
  A hungry ghost (D:7)
  3 water moccasins
  4 wargs
  Duvessa (D:6)
  13 orc warriors
  4 black bears
  A necrophage (D:10)
  4 sky beasts
  4 phantoms
  25 ogres
  2 centaurs
  9 bullfrogs
  Dowan (D:6)
  2 scorpions
  3 killer bees (D:9)
  12 wights
  3 howler monkeys
  2 jellies
  A bullfrog zombie (D:6)
  4 crimson imps
  2 quasits
  A centaur zombie (D:6)
  8 orc priests
  2 bullfrog skeletons
  3 iguanas
  2 nameless horrors
  11 orc wizards
  6 worker ants
  2 killer bee zombies
  2 hound zombies
  A worker ant zombie (D:10)
  A howler monkey zombie (D:6)
  8 adders
  10 gnolls
  A howler monkey skeleton (D:6)
  4 shadow imps
  3 oozes
  An adder zombie (D:7)
  3 worms (D:2)
  2 dart slugs
  7 leopard geckos
  66 orcs
  6 giant cockroaches
  7 goblins
  7 hobgoblins
  9 jackals
  8 kobolds
  7 quokkas
  A ball python (D:6)
  7 bats
  3 frilled lizards
  A giant cockroach zombie (D:6)
  5 rats
348 creatures vanquished.

Vanquished Creatures (collateral kills)
  Donald (Orc:1)
  An orc knight (Orc:2)
  An orc warrior (Orc:2)
  An ice beast (D:5)
  4 wights
  An orc (Orc:2)
9 creatures vanquished.

Grand Total: 357 creatures vanquished

Notes
Turn   | Place    | Note
-------+----------+-------------------------------------------
     0 | D:1      | Amnesiac the Vampire Ice Elementalist began the quest for
                  | the Orb.
     0 | D:1      | Reached XP level 1. HP: 13/13 MP: 3/3
   193 | D:2      | Reached XP level 2. HP: 13/19 MP: 0/5
   487 | D:3      | Found a faded altar of an unknown god.
   659 | D:4      | Noticed an ogre
   670 | D:4      | Reached XP level 3. HP: 19/24 MP: 1/6
   675 | D:4      | Learned a level 3 spell: Frozen Ramparts
   732 | D:4      | Killed an ogre
   732 | D:4      | Reached skill level 5 in Ice Magic
   732 | D:4      | Reached XP level 4. HP: 30/30 MP: 0/8
  1120 | D:4      | Reached XP level 5. HP: 35/35 MP: 5/9
  1274 | D:3      | Found a basalt altar of Yredelemnul.
  1567 | D:5      | Entered Level 5 of the Dungeon
  1648 | D:5      | Noticed an ice beast
  1655 | D:5      | Learned a level 4 spell: Summon Ice Beast
  1678 | D:5      | Reached skill level 6 in Ice Magic
  1821 | D:5      | Noticed a nameless horror
  1837 | D:4      | Killed a nameless horror
  1901 | D:5      | Killed an ice beast
  1901 | D:5      | Reached skill level 7 in Ice Magic
  1901 | D:5      | Reached XP level 6. HP: 13/41 MP: 2/10
  2039 | D:5      | Found a glowing golden altar of the Shining One.
  2316 | D:5      | Found an opulent altar of Gozag.
  2337 | D:5      | Became a worshipper of Gozag Ym Sagoz the Greedy
  3231 | D:2      | Found a shadowy altar of Dithmenos.
  3596 | D:2      | Reached skill level 8 in Ice Magic
  3807 | D:3      | Reached skill level 1 in Short Blades
  3807 | D:3      | Reached XP level 7. HP: 46/46 MP: 8/11
  3916 | D:3      | Learned a level 3 spell: Ozocubu's Armour
  3927 | D:3      | Noticed Sigmund
  3934 | D:3      | Killed Sigmund
  3987 | D:3      | Found a stormy altar of Qazlal.
  3988 | D:3      | Noticed an air elemental
  3989 | D:3      | Noticed a water elemental
  3989 | D:3      | Noticed a fire elemental
  4480 | D:6      | Reached skill level 5 in Short Blades
  4480 | D:6      | Reached skill level 5 in Stealth
  4600 | D:6      | Reached XP level 8. HP: 52/52 MP: 8/12
  5011 | D:6      | Got a jewelled great sword
  5013 | D:6      | Identified the +2 great sword of Guile {flame, rF+ Dex+3}
                  | (You found it on level 6 of the Dungeon)
  5070 | D:6      | Noticed Duvessa
  5083 | D:6      | Killed Duvessa
  5088 | D:6      | Noticed Dowan
  5134 | D:6      | Killed Dowan
  5173 | D:6      | Found a white marble altar of Elyvilon.
  5491 | D:7      | Noticed Maggie
  5509 | D:6      | Killed Maggie
  5509 | D:6      | Reached XP level 9. HP: 40/61 MP: 6/13
  5544 | D:7      | Noticed Joseph
  5575 | D:6      | Killed Joseph
  5721 | D:7      | Reached skill level 5 in Dodging
  5936 | D:7      | Found a staircase to the Ecumenical Temple.
  6223 | D:8      | Found a shadowy altar of Dithmenos.
  6236 | D:8      | Noticed Maurice
  6254 | D:7      | Killed Maurice
  6254 | D:7      | Reached XP level 10. HP: 60/70 MP: 0/15
  6744 | D:8      | Reached skill level 1 in Evocations
  7000 | D:8      | Found an iron altar of Okawaru.
  7104 | D:8      | Reached skill level 9 in Ice Magic
  7892 | D:9      | Learned a level 4 spell: Hailstorm
  7958 | D:9      | Noticed Harold
  7972 | D:9      | Killed Harold
  7972 | D:9      | Reached skill level 1 in Armour
  7972 | D:9      | Reached skill level 5 in Spellcasting
  7972 | D:9      | Reached skill level 10 in Ice Magic
  8096 | D:9      | Reached XP level 11. HP: 75/75 MP: 11/18
  8402 | D:10     | Entered Level 10 of the Dungeon
  8813 | D:10     | Found a staircase to the Lair.
  9108 | D:10     | Found a runed translucent gate.
  9108 | D:10     | Found a runed translucent gate.
  9108 | D:10     | Found a runed translucent gate.
  9109 | D:10     | Noticed kMk's ghost (journeyman DrIE)
  9110 | D:10     | Noticed a 12-headed hydra
  9163 | D:9      | Noticed a nameless horror
  9180 | D:9      | Killed a nameless horror
  9203 | D:9      | Killed kMk's ghost
  9203 | D:9      | Reached skill level 11 in Ice Magic
  9507 | D:10     | Found a radiant altar of Vehumet.
  9646 | D:10     | Killed a 12-headed hydra
  9741 | D:11     | Found a shimmering altar of Xom.
  9776 | D:11     | Found Erafoeb's Gadget Emporium.
  9794 | D:11     | Noticed a deep elf mage
  9817 | D:11     | Killed a deep elf mage
  9928 | D:11     | Found a staircase to the Orcish Mines.
 10217 | D:11     | Got a smelly scale mail
 10272 | D:11     | Noticed a four-headed hydra
 10291 | D:11     | Killed a four-headed hydra
 10291 | D:11     | Reached skill level 12 in Ice Magic
 10573 | D:11     | Identified the cursed +1 scale mail of Ofoigysch {rF+ rC+
                  | Dex+2} (You found it on level 11 of the Dungeon)
 10638 | Orc:1    | Entered Level 1 of the Orcish Mines
 10714 | Orc:1    | Found a roughly hewn altar of Beogh.
 10955 | Orc:1    | Reached XP level 12. HP: 80/80 MP: 19/22
 11333 | Orc:1    | Noticed a two-headed ogre
 11336 | Orc:1    | Noticed a two-headed ogre
 11345 | Orc:1    | Noticed a two-headed ogre
 11346 | Orc:1    | Killed a two-headed ogre
 11351 | Orc:1    | Killed a two-headed ogre
 11363 | Orc:1    | Killed a two-headed ogre
 11363 | Orc:1    | Reached skill level 13 in Ice Magic
 11472 | Orc:1    | Noticed a two-headed ogre
 11472 | Orc:1    | Noticed a two-headed ogre
 11474 | Orc:1    | Noticed a two-headed ogre
 11477 | Orc:1    | Noticed an ogre mage
 11481 | Orc:1    | Killed a two-headed ogre
 11487 | Orc:1    | Killed a two-headed ogre
 11488 | Orc:1    | Killed an ogre mage
 11496 | Orc:1    | Killed a two-headed ogre
 11613 | Orc:1    | Got an ichor-stained chain mail
 11653 | Orc:1    | Identified the +7 chain mail of Ethics {rC+} (You found it
                  | on level 1 of the Orcish Mines)
 11665 | Orc:2    | Entered Level 2 of the Orcish Mines
 11683 | Orc:2    | Noticed a two-headed ogre
 11772 | Orc:2    | Killed a two-headed ogre
 11905 | Orc:2    | Found a roughly hewn altar of Beogh.
 11910 | Orc:2    | Noticed Donald
 12140 | Orc:1    | Killed Donald
 12140 | Orc:1    | Reached skill level 14 in Ice Magic
 12166 | Orc:2    | Found a staircase to the Elven Halls.
 12260 | Orc:2    | Noticed a two-headed ogre
 12261 | Orc:2    | Noticed an ogre mage
 12261 | Orc:2    | Noticed an ogre mage
 12262 | Orc:2    | Noticed a two-headed ogre
 12262 | Orc:2    | Paralysed by an ogre mage for 3 turns
 12264 | Orc:2    | Noticed a two-headed ogre
 12273 | Orc:2    | HP: 2/80 [two-headed ogre/+0 giant club (9)]
 12275 | Orc:2    | Noticed an ogre mage
 12275 | Orc:2    | Killed from afar by an ogre mage

Levels and vault maps discovered:
D:1:      minmay_arrival_loop, layout_basic
D:2:      layout_basic, first_ration, grunt_dithmenos_smoke
D:3:      layout_loops_ring, nicolae_qazlal_style_of_elements,
          chequers_ecumenical_altar_simple, yredelemnul_altar_generic,
          uniq_sigmund
D:4:      layout_basic, minmay_diced_spiral
D:5:      layout_loops_cross, grunt_gozag_statues, kennysheep_mini_moat
D:6:      layout_rooms, elyvilon_altar_5, uniq_duvessa
D:7:      black_bear_nest_1, layout_cave_pools, minmay_temple_entry_trees,
          the_bakery, uniq_maggie, uniq_joseph
D:8:      layout_layer_cave, basic_altar, okawaru_metal_pillars_1_2,
          uniq_maurice
D:9:      layout_gridville, uniq_harold
D:10:     layout_small_grid, erik_lair_orcish_takeover,
          gammafunk_ghost_hydra_chop, lemuel_tele_altar
D:11:     layout_loops_ring, hiddenorc2_lemuel, serial_shops, shop,
          brannock_xom_greatest_gift
Orc:1:    lemuel_ogre_cave, layout_diamond_mine, basic_altar
Orc:2:    st_orc_ogre_mass, layout_diamond_mine, basic_altar, uniq_donald

Skill      XL: |  1  2  3  4  5  6  7  8  9 10 11 12 |
---------------+-------------------------------------+-----
Spellcasting   | 3 5 7 8 |  8.9
Ice Magic      | 5 7 8 10 12 14 | 14.3
Short Blades   | 1 5 8 |  8.0
Stealth        | 5 8 |  8.0
Fighting       | 2 3 |  3.1
Dodging        | 3 8 9 |  9.2
Evocations     | 3 4 |  4.0
Armour         | 1 2 |  2.4

Action                   |  1- 3 |  4- 6 |  7- 9 | 10-12 || total
-------------------------+-------+-------+-------+-------++-------
Melee: Unarmed           |     8 |       |       |       ||     8
       Dagger            |       |    41 |     1 |   155 ||   197
       Long sword        |       |    11 |       |       ||    11
       Bite              |       |     6 |    17 |    44 ||    67
       Rapier            |       |       |   106 |       ||   106
       Great sword       |       |       |    54 |   199 ||   253
       Staff             |       |       |       |     4 ||     4
Throw: Dart              |       |       |     2 |     4 ||     6
 Cast: Freeze            |    28 |    80 |    56 |   106 ||   270
       Frozen Ramparts   |     1 |     7 |    35 |    73 ||   116
       Summon Ice Beast  |       |     2 |     2 |    12 ||    16
       Hailstorm         |       |       |       |    15 ||    15
Evoke: Wand              |       |       |     4 |     8 ||    12
  Use: Scroll            |     2 |       |     8 |    10 ||    20
       Potion            |       |       |       |     6 ||     6
 Stab: Sleeping          |       |       |     6 |     5 ||    11
       Distracted        |       |       |       |     3 ||     3
Armor: Robe              |     6 |    30 |    38 |       ||    74
       Swamp dragon scal |       |       |    24 |   152 ||   176
Dodge: Dodged            |    16 |    74 |   135 |   343 ||   568
       Rpst.: Great sword |       |       |    22 |    65 ||    87

Table legend:
 A = Non-vault XP
 B = Vault XP
 C = Vault XP percentage of total XP
 D = Non-vault monster count
 E = Vault monster count
 F = Vault count percentage of total count
                 A         B        C        D         E       F
            +---------+---------+-------+---------+---------+-------
      Total |   19356 |   15673 |  44.7 |     279 |      76 |  21.4
            +---------+---------+-------+---------+---------+-------
        D:1 |      28 |       0 |   0.0 |      12 |       0 |   0.0
        D:2 |     171 |       0 |   0.0 |      33 |       0 |   0.0
        D:3 |     151 |     212 |  58.4 |      22 |       1 |   4.3
        D:4 |     140 |      38 |  21.3 |       4 |       3 |  42.9
        D:5 |     432 |       0 |   0.0 |      13 |       0 |   0.0
        D:6 |     901 |    1121 |  55.4 |      20 |       4 |  16.7
        D:7 |    1522 |     806 |  34.6 |      29 |       3 |   9.4
        D:8 |    1576 |       0 |   0.0 |      30 |       0 |   0.0
        D:9 |    3668 |    2193 |  37.4 |      30 |       3 |   9.1
       D:10 |    3111 |    1310 |  29.6 |      37 |       7 |  15.9
       D:11 |    3326 |     364 |   9.9 |      25 |      32 |  56.1
      Orc:1 |     721 |    9508 |  93.0 |       9 |      22 |  71.0
      Orc:2 |    3609 |     121 |   3.2 |      15 |       1 |   6.2
            +---------+---------+-------+---------+---------+-------
